 Dungeon Crawl Stone Soup version 0.22.1-2-g9c5b331383 (webtiles) character file.

1007 Jerry the Slasher (level 8, -5/64 HPs)
             Began as a Merfolk Fighter on Nov 26, 2018.
             Was a Believer of Okawaru.
             Succumbed to a gnoll sergeant's poison
             ... on level 6 of the Dungeon.
             The game lasted 00:09:49 (4643 turns).

Jerry the Slasher (Merfolk Fighter)                 Turns: 4643, Time: 00:09:50

Health: -5/64      AC: 14    Str: 22    XL:     8   Next: 20%
Magic:  19/19      EV:  7    Int:  8    God:    Okawaru [**....]
Gold:   321        SH:  0    Dex: 13    Spells: 7/7 levels left

rFire    . . .     SeeInvis .   g - +0 long sword (slice)
rCold    . . .     Gourm    .   (no shield)
rNeg     . . .     Faith    .   s - +4 chain mail "Dynu" {+Fly Str+4}
rPois    .         Spirit   .   (no helmet)
rElec    .         Reflect  .   l - +0 cloak
rCorr    .         Harm     .   (no gloves)
MR       .....     Rnd*Tele +   (no boots)
Stlth    ..........             (no amulet)
HPRegen  0.20/turn              u - ring of magical power
MPRegen  0.16/turn              a - ring of teleportation (curse)

@: lethally poisoned (-5 -> -74)
A: change form in water, swift swim, stealthy swim
a: Heroism, Renounce Religion, Evoke Flight


You were on level 6 of the Dungeon.
You worshipped Okawaru.
Okawaru was pleased with you.
You were hungry.

You visited 1 branch of the dungeon, and saw 6 of its levels.

You collected 321 gold pieces.

Inventory:

Hand Weapons
 g - a +0 long sword of slicing (weapon)
Armour
 l - a +0 cloak (worn)
 s - the +4 chain mail "Dynu" (worn) {+Fly Str+4}
   (You found it on level 4 of the Dungeon)

   It affects your strength (+4).
   It lets you fly.
Jewellery
 a - a cursed ring of teleportation (right hand)
 n - an uncursed ring of ice
 u - a ring of magical power (left hand)
Wands
 i - a wand of iceblast (7)
Scrolls
 d - 2 scrolls of identify
 e - 2 scrolls of teleportation
 k - a scroll of fear {unknown}
 r - 3 scrolls of amnesia
 t - 3 scrolls of remove curse
Potions
 b - a potion of resistance {unknown}
 c - a potion of degeneration {unknown}
 h - a potion of curing {unknown}
 j - a potion of heal wounds {unknown}
 m - a potion of haste {unknown}
 o - a potion of lignification {unknown}
 q - a potion of ambrosia {unknown}
 v - 2 potions of mutation {unknown}
Comestibles
 f - 12 rations
 p - 6 chunks of flesh


   Skills:
 + Level 5.6 Fighting
 * Level 7.0 Long Blades
 + Level 3.9 Armour
   Level 3.0 Shields
 + Level 3.5 Invocations


You had 7 spell levels left.
You didn't know any spells.
Your spell library contained the following spells:

 Spells                   Type           Power        Failure   Level  Hunger
 Corona                   Hex            #......      98%         1    ##.....
 Ensorcelled Hibernation  Hex/Ice        #.....       99%         2    ###....
 Confuse                  Hex            #.......     100%        3    ####...
 Dazzling Spray           Conj/Hex       #.....       100%        3    ####...
 Tukima's Dance           Hex            #.......     100%        3    ####...


Dungeon Overview and Level Annotations

Branches:
Dungeon (6/15)             Temple (0/1) D:4

Altars:
Dithmenos
Okawaru
Trog

Shops:
D:5 [


Message History

* * * LOW HITPOINT WARNING * * *
You feel very sick.
The gnoll sergeant hits you but does no damage.
You are more poisoned.
Your chain mail "Dynu" prevents you from hitting the gnoll sergeant.
The gnoll sergeant is moderately wounded.
* * * LOW HITPOINT WARNING * * *
You feel very sick.
The gnoll sergeant hits you but does no damage.
You are more poisoned.
You hit the gnoll sergeant but do no damage.
The gnoll sergeant is moderately wounded.
* * * LOW HITPOINT WARNING * * *
You feel very sick.
The gnoll sergeant hits you with a trident of venom!
* * * LOW HITPOINT WARNING * * *
You are more poisoned.
You hit the gnoll sergeant.
The gnoll sergeant is heavily wounded.
You die...

#.# #.
#.########...
...
.............
..#
#.###########
#.. #.# #.#
#.# ######.#
#.#
.......####
#.# #))).#
#.. #@##.#
### #g##.#
#.##.# ####
#.##.# #..
#.##.# #.#
#.##.###.#
..##.....#
########.#
##.#


You could see a gnoll sergeant.

Vanquished Creatures
  Menkaure (D:4)
  2 ice beasts
  2 black bears (D:6)
  A wight (D:6)
  An orc wizard (D:5)
  A centaur zombie (D:4)
  2 orc priests
  Crazy Yiuf (D:5)
  A centaur skeleton (D:6)
  2 hound skeletons
  12 gnolls
  5 adders
  An ooze (D:1)
  A worm (D:2)
  An adder skeleton (D:5)
  An adder zombie (D:6)
  4 dart slugs
  6 orcs
  18 giant cockroaches
  8 hobgoblins
  10 jackals (D:5)
  3 quokkas
  A ball python (D:3)
  11 bats
  3 frilled lizards
  4 goblins
  9 kobolds
  6 rats
118 creatures vanquished.

Notes
Turn   | Place    | Note
-------+----------+-------------------------------------------
     0 | D:1      | Jerry the Merfolk Fighter began the quest for the Orb.
     0 | D:1      | Reached XP level 1. HP: 18/18 MP: 1/1
    35 | D:1      | Reached XP level 2. HP: 23/24 MP: 2/2
   250 | D:1      | Reached skill level 3 in Long Blades
   355 | D:1      | Reached XP level 3. HP: 29/29 MP: 3/3
   888 | D:2      | HP: 1/30 [gnoll/whip (7)]
  1163 | D:2      | Reached XP level 4. HP: 20/37 MP: 4/4
  1548 | D:2      | Reached skill level 4 in Long Blades
  1849 | D:3      | Reached XP level 5. HP: 42/42 MP: 5/5
  1998 | D:3      | Found an iron altar of Okawaru.
  2199 | D:3      | Became a worshipper of Warmaster Okawaru
  2255 | D:3      | Found a shadowy altar of Dithmenos.
  2307 | D:3      | Noticed an ice beast
  2321 | D:3      | Killed an ice beast
  2321 | D:3      | Reached skill level 1 in Invocations
  2321 | D:3      | Reached XP level 6. HP: 27/49 MP: 6/6
  2641 | D:4      | Reached * piety under Okawaru
  2641 | D:4      | Reached skill level 5 in Long Blades
  2660 | D:4      | Got a smoking chain mail
  2664 | D:4      | Found a staircase to the Ecumenical Temple.
  2777 | D:4      | Noticed Menkaure
  3005 | D:4      | Killed Menkaure
  3005 | D:4      | Reached XP level 7. HP: 21/55 MP: 8/8
  3510 | D:4      | Identified the +4 chain mail "Dynu" {+Fly Str+4} (You found
                  | it on level 4 of the Dungeon)
  3561 | D:5      | Entered Level 5 of the Dungeon
  3893 | D:5      | Found Teongo's Armour Emporium.
  4010 | D:5      | Reached skill level 5 in Fighting
  4030 | D:5      | Reached skill level 6 in Long Blades
  4278 | D:5      | Found a runed door.
  4282 | D:5      | Noticed Crazy Yiuf
  4289 | D:5      | Killed Crazy Yiuf
  4419 | D:6      | Found a bloodstained altar of Trog.
  4605 | D:6      | Reached XP level 8. HP: 59/63 MP: 10/10
  4633 | D:6      | Reached ** piety under Okawaru
  4633 | D:6      | Reached skill level 7 in Long Blades
  4642 | D:6      | HP: 1/64 [gnoll sergeant/trident of venom (7)]
  4643 | D:6      | Succumbed to a gnoll sergeant's poison

Skill      XL: |  1  2  3  4  5  6  7  8 |
---------------+-------------------------+-----
Long Blades    | 3 4 5 6 7 |  7.0
Fighting       | 4 5 |  5.6
Armour         | 3 |  3.9
Invocations    | 1 2 3 |  3.5
Shields        | |  3.0

Action                   |  1- 3 |  4- 6 |  7- 9 || total
-------------------------+-------+-------+-------++-------
Melee: Long sword        |   122 |   151 |   155 ||   428
Invok: Heroism           |       |       |     1 ||     1
  Use: Scroll            |       |     5 |     1 ||     6
       Potion            |       |     1 |       ||     1
  Eat: Chunk             |       |     7 |     5 ||    12
Armor: Scale mail        |    64 |   104 |     5 ||   173
       Chain mail        |       |       |   115 ||   115
Dodge: Dodged            |    36 |    85 |    64 ||   185
Block: Shield            |    75 |    24 |       ||    99
       Rpst.: Long sword |    11 |    31 |    16 ||    58
